[Event "Early-Titled-Tuesday-Blitz-June-18-2024"]
[Site "Chess.com"]
[Date "2024.06.18"]
[Round "7"]
[White "whiteglovethief"]
[Black "David_ATM"]
[Result "1-0"]
[WhiteElo "2550"]
[BlackElo "2423"]
[TimeControl "180+1"]
[EndTime "9:19:45 PDT"]
[Termination "whiteglovethief won on time"]

1. d4 d6 2. e4 e5 3. dxe5 dxe5 4. Qxd8+ Kxd8 5. Bc4 f6 6. f4 Bd6 7. fxe5 Bxe5 8.
Nf3 Nc6 9. O-O Bg4 10. Nxe5 Nxe5 11. Bxg8 Rxg8 12. h3 Be6 13. Bf4 Ke7 14. Bxe5 fxe5 15. Nd2 Bd7 16. Nf3 Bb5 17. c4 Bxc4 18. Rfc1 Be2 19.
Rxc7+ Kd6 20. Rxb7 Rab8 21. Rxa7 Rxb2 22. Ng5 h6 23.
Nf7+ Ke6 24. Rc1 Rb6 25. a4 Bh5 26. a5 Rd6 27. Nxd6 Kxd6 28. Rb7 g5 29. Rb6+ Kd7 30.
Rxh6 Be2 31. a6 g4 32. hxg4 Bxg4 33. a7 Bf3 34. a8=Q 1-0

[Event "Early-Titled-Tuesday-Blitz-June-18-2024"]
[Site "Chess.com"]
[Date "2024.06.18"]
[Round "7"]
[White "SuperPower2011"]
[Black "savitha1030"]
[Result "1-0"]
[WhiteElo "2720"]
[BlackElo "2580"]
[TimeControl "180+1"]
[EndTime "9:19:46 PDT"]
[Termination "SuperPower2011 won by resignation"]

1. Nf3 c5 2. b3 Nc6 3. Bb2 d5 4. g3 Nf6 5. Bg2 Bg4 6. d4 e6 7. O-O Bd6 8. dxc5 Bxc5 9. Nbd2 O-O 10. c4 d4 11. Ne1 Bf5 12. Nd3 Bxd3 13. exd3 Qc7 14.
Qe2 Rad8 15. a3 a5 16. h4 Rfe8 17. Rfe1 e5 18. h5 h6 19. Ne4 Nxe4 20. Bxe4 Qb6 21. Qc2 Ne7 22. Rab1 f5 23. Bg2 Qf6 24. Bxb7 Rb8 25. Bg2 f4 26. Bc1 fxg3 27. fxg3 Nf5 28. Rf1 g6 29. g4 e4 30. gxf5 gxf5 31. Qf2 exd3 32. Qg3+ Kh8 33. Qxd3 Rg8 34. Bf4 Rbe8 35. Rbe1 Qg7 36. Qf3 Re4 37. Rxe4 fxe4 38. Qxe4 d3+ 39.
Kh1 Bd4 40. Bxh6 Qxh6 41. Qxd4+ Rg7 42. Rf8+ 1-0

[Event "Early-Titled-Tuesday-Blitz-June-18-2024"]
[Site "Chess.com"]
[Date "2024.06.18"]
[Round "7"]
[White "Blitzking642"]
[Black "salomez"]
[Result "0-1"]
[WhiteElo "2495"]
[BlackElo "2359"]
[TimeControl "180+1"]
[EndTime "9:19:46 PDT"]
[Termination "salomez won by resignation"]

1. d4 Nf6 2. c4 g6 3. Nc3 Bg7 4. Nf3 d6 5. Bg5 O-O 6. e3 Nbd7 7. Be2 h6 8. Bh4 b6 9. O-O Bb7 10. h3 Ne4 11. Nxe4 Bxe4 12. Nd2 Bb7 13. Qc2 Qe8 14. Rfd1 e5 15. dxe5 Nxe5 16. Ne4 f5 17. Nc3 g5 18. Bg3 f4 19. exf4 gxf4 20. Bh2 Bxg2 21. Nd5 Bxd5 22. cxd5 f3 23. Bf1 Qh5 24. Qxc7 Rf6 25. Kh1 Rg6 26. Bg3 Rf8 27. Qc2 Rxg3 28. fxg3 f2 29. Qe2 Qg5 30. g4 Rf3 31. Bg2 Qh4 32. Rf1 Rxh3+ 0-1

[Event "Early-Titled-Tuesday-Blitz-June-18-2024"]
[Site "Chess.com"]
[Date "2024.06.18"]
[Round "7"]
[White "Kirill_Klukin"]
[Black "Revan_2002"]
[Result "1-0"]
[WhiteElo "2885"]
[BlackElo "2742"]
[TimeControl "180+1"]
[EndTime "9:19:48 PDT"]
[Termination "Kirill_Klukin won on time"]

1. d4 Nf6 2. Nf3 d5 3. c4 e6 4. cxd5 exd5 5. Nc3 c6 6. Bg5 Nbd7 7. e3 h6 8. Bf4 Be7 9. Bd3 O-O 10. h3 Re8 11. Qc2 c5 12. O-O a6 13. dxc5 Nxc5 14. Rfd1 b5 15. Bf5 Be6 16. Bxe6 fxe6 17. Qg6 Kh8 18.
Ne5 Rf8 19. Nf7+ Rxf7 20. Qxf7 Qf8 21. Qg6 b4 22. Ne2 Nfe4 23. Rac1 Bf6 24. Rc2 a5 25. Ng3 Nxg3 26. Bxg3 a4 27. Rdc1 Ne4 28. Bf4 b3 29.
axb3 axb3 30. Rc7 Bxb2 31. Bxh6 Qxf2+ 32. Kh1 Ng3+ 33. Kh2 Nf1+ 34. Rxf1 Be5+ 35. Bf4 Qxe3 36. Qh5+ Kg8 37. Qxe5 1-0

[Event "Early-Titled-Tuesday-Blitz-June-18-2024"]
[Site "Chess.com"]
[Date "2024.06.18"]
[Round "7"]
[White "sachiniranasinghe"]
[Black "KarlEmilElmer"]
[Result "0-1"]
[WhiteElo "1904"]
[BlackElo "2204"]
[TimeControl "180+1"]
[EndTime "9:19:48 PDT"]
[Termination "KarlEmilElmer won by checkmate"]

1. Nf3 d5 2. g3 c5 3. d4 cxd4 4. Nxd4 e5 5. Nb3 Nf6 6. Bg2 Be6 7. O-O Nc6 8. c3 Be7 9. Be3 O-O 10. Bc5 a5 11.
Bxe7 Qxe7 12. a4 Rfd8 13. Qc2 Rac8 14. Na3 b6 15. Nb5 d4 16. Nd2 Nb4 17. Qc1 d3 18. exd3 Nxd3 19. Qb1 Bf5 20. Qa2 Ng4 21. Ne4 Bxe4 22.
Bxe4 Ndxf2 23. Rxf2 Nxf2 24. Kxf2 Rd2+ 25. Ke1 Rxh2 26. Rd1 Qg5 27. b4 Qe3+ 28. Kf1 Rxa2 29. Bc2 Rxc2 30. Rd8+ Rxd8 31. Nd4 Rxd4 32. cxd4 exd4 33.
g4 axb4 34. a5 Qb3 35. axb6 Qb1# 0-1

[Event "Early-Titled-Tuesday-Blitz-June-18-2024"]
[Site "Chess.com"]
[Date "2024.06.18"]
[Round "7"]
[White "Grebnev_A"]
[Black "Omranalhosani21"]
[Result "0-1"]
[WhiteElo "2687"]
[BlackElo "2573"]
[TimeControl "180+1"]
[EndTime "9:19:49 PDT"]
[Termination "Omranalhosani21 won by resignation"]

1. Nf3 Nf6 2. c4 e6 3. Nc3 d5 4. e3 Be7 5. b3 c5 6. cxd5 Nxd5 7. Bb2 Bf6 8. Qc2 O-O 9. a3 b6 10. Nxd5 exd5 11. Bxf6 Qxf6 12. d4 Bf5 13. Bd3 Bxd3 14. Qxd3 Nc6 15. Rd1 Rfd8 16. O-O Qe7 17. Rc1 Rac8 18.
Qb5 Na5 19. b4 Nc4 20. bxc5 bxc5 21. Qa4 cxd4 22. Nxd4 Nxe3 23. Nc6 Rxc6 24. Qxc6 Nxf1 25. Rxf1 Qxa3 26. Re1 Qb4 27. Ra1 d4 28. h3 d3 29.
Qc7 Qd4 30. Ra4 Qd5 31. Ra5 Qd7 32. Qxd7 Rxd7 33. Ra1 d2 34. Rd1 f5 35. Kf1 Kf7 36. Ke2 Ke6 37. Ra1 d1=Q+ 38. Rxd1 Rxd1 39. Kxd1 Kd5 40. Kc2 Ke4 41. Kc3 f4 42. Kc4 f3 43. g3 a5 44. h4 a4 45. Kc3 a3 46. Kb3 Kd3 47. h5 Ke2 48. Kxa3 Kxf2 49. Kb4 Kxg3 50.
h6 g5 51. Kc5 f2 52. Kd6 f1=Q 53. Ke7 Kh4 0-1

[Event "Early-Titled-Tuesday-Blitz-June-18-2024"]
[Site "Chess.com"]
[Date "2024.06.18"]
[Round "7"]
[White "LaPiToB"]
[Black "Defend1r"]
[Result "1-0"]
[WhiteElo "2361"]
[BlackElo "2532"]
[TimeControl "180+1"]
[EndTime "9:19:49 PDT"]
[Termination "LaPiToB won on time"]

1. c4 Nf6 2. Nc3 e6 3. e4 d5 4. e5 d4 5. exf6 dxc3 6. bxc3 Qxf6 7. d4 Qd8 8. Nf3 c5 9. Bd3 Nc6 10. O-O Be7 11. Be3 cxd4 12. cxd4 h6 13. a3 O-O 14. Qe2 Nb8 15. Rfb1 Nd7 16. a4 Nf6 17. a5 Bd6 18. h3 Bc7 19. Qd2 Nh7 20. Rb5 f5 21. d5 e5 22. d6 Bxd6 23. Nxe5 Re8 24.
Nf3 Nf6 25. Bxf5 Bxf5 26. Rxf5 Qc7 27. c5 Bf8 28. Qa2+ Kh8 29. Ne5 Qc8 30. Nf7+ Kh7 31. Qc2 1-0

[Event "Early-Titled-Tuesday-Blitz-June-18-2024"]
[Site "Chess.com"]
[Date "2024.06.18"]
[Round "7"]
[White "LeninGuerra"]
[Black "FredddieCroderg"]
[Result "1/2-1/2"]
[WhiteElo "2539"]
[BlackElo "2331"]
[TimeControl "180+1"]
[EndTime "9:19:50 PDT"]
[Termination "Game drawn by repetition"]

1. e4 c6 2. c4 d5 3. exd5 cxd5 4. cxd5 Nf6 5. Nc3 Nxd5 6. Bc4 e6 7. Nge2 Be7 8. O-O O-O 9. d4 Nc6 10. Ng3 Bf6 11. Be3 Bd7 12. Nce4 Nce7 13. Nh5 Bc6 14. Nexf6+ Nxf6 15. Nxf6+ gxf6 16. Bh6 Re8 17. h4 Kh8 18. Qh5 Rg8 19. g3 Qxd4 20. Kh2 Qxc4 21. Qxf7 Rg6 22.
Bf8 Qe4 23. Rg1 Nf5 24. h5 Rxg3 25. fxg3 Qe2+ 26. Kh3 Bf3 27. Qxf6+ Kg8 28. Qg5+ Kxf8 29. g4 Be4 30. Raf1 Qd3+ 31. Kh2 Qe2+ 32. Kh3 Qd3+ 33.
Kh2 Qe2+ 34. Kh3 1/2-1/2

[Event "Early-Titled-Tuesday-Blitz-June-18-2024"]
[Site "Chess.com"]
[Date "2024.06.18"]
[Round "7"]
[White "UK_23"]
[Black "simplerXiao"]
[Result "1-0"]
[WhiteElo "2413"]
[BlackElo "2516"]
[TimeControl "180+1"]
[EndTime "9:19:52 PDT"]
[Termination "UK_23 won on time"]

1. e4 g6 2. d4 Bg7 3. c3 c6 4.
Nf3 d5 5. Nbd2 dxe4 6. Nxe4 Nd7 7. h3 Ngf6 8. Nxf6+ Nxf6 9. Bf4 O-O 10. Bd3 a5 11. a4 Nd5 12. Bh2 b5 13. O-O b4 14. c4 Nb6 15. b3 Nd7 16. Be4 Bb7 17. Qe2 Nf6 18. Bc2 Nh5 19. Rad1 Rc8 20. Rfe1 e6 21. Ne5 Qe7 22.
c5 Rfd8 23. Be4 Qh4 24. Nf3 Qe7 25. Ne5 Qh4 26. Qe3 Nf6 27. Bf3 Bh6 28. Qe2 Rf8 29. Bg3 Qg5 30. h4 Qf5 31. Qb2 Rfd8 32. Nc4 Bf4 33. Nd6 Bxd6 34. Bxd6 Nd5 35. Qd2 Ba6 36. h5 Rxd6 37. cxd6 Nc3 38. Re5 Qf6 39. Rde1 Rd8 40. hxg6 hxg6 41. Bxc6 Rxd6 42. Bf3 Kg7 43. Qe3 Bc8 44.
Rxa5 Rxd4 45. Qe5 Qxe5 46. Raxe5 Rd3 47. Rc5 1-0

[Event "Early-Titled-Tuesday-Blitz-June-18-2024"]
[Site "Chess.com"]
[Date "2024.06.18"]
[Round "7"]
[White "nitpicker"]
[Black "ploxoi"]
[Result "0-1"]
[WhiteElo "2327"]
[BlackElo "2485"]
[TimeControl "180+1"]
[EndTime "9:19:52 PDT"]
[Termination "ploxoi won on time"]

1. d4 e6 2. c4 d5 3. Nf3 c6 4. Qc2 Nf6 5. g3 Nbd7 6. Bg2 Be7 7. O-O O-O 8. Rd1 b6 9. Nc3 Bb7 10. b3 Qc7 11. e4 dxe4 12. Ng5 e5 13. Bxe4 Nxe4 14.
Ncxe4 g6 15. dxe5 Nxe5 16. Bb2 c5 17. Qc3 f6 18. f3 Nxf3+ 19. Qxf3 fxg5 20. Qc3 Kf7 21.
Qg7+ Ke8 22. Nxg5 Qc6 23. Rd5 Rd8 24. Re1 Rd7 25. Ne6 Bf6 26. Nxf8+ Re7 27. Rxe7+ Bxe7 28. Nd7 Qe6 29. Qxh7 Bxd5 0-1

[Event "Early-Titled-Tuesday-Blitz-June-18-2024"]
[Site "Chess.com"]
[Date "2024.06.18"]
[Round "7"]
[White "Attacker_2006"]
[Black "pouya21"]
[Result "1-0"]
[WhiteElo "2517"]
[BlackElo "2852"]
[TimeControl "180+1"]
[EndTime "9:19:53 PDT"]
[Termination "Attacker_2006 won by resignation"]

1. e4 c5 2. Nc3 e6 3. Nf3 Nc6 4.
Bb5 Nd4 5. O-O a6 6. Bd3 Nc6 7. Nd5 g5 8. Nxg5 exd5 9. Qh5 Qe7 10. exd5 Nf6 11. Qd1 Ne5 12. f4 Nxd3 13. cxd3 Qd6 14. Re1+ Be7 15. b3 Qxf4 16. Bb2 Nxd5 17. Nh3 Qd6 18. Bxh8 b6 19. Qh5 Bb7 20. Be5 Qg6 21.
Qxg6 hxg6 22. Bd6 Kf8 23. Rxe7 Nxe7 24. Re1 Re8 25. Nf4 Bc6 26. g4 a5 27. h4 a4 28. g5 axb3 29. axb3 b5 30. Bxc5 d5 31. d4 Bb7 32. b4 Bc6 33. h5 gxh5 34. Nxh5 Bb7 35.
Nf6 1-0

[Event "Early-Titled-Tuesday-Blitz-June-18-2024"]
[Site "Chess.com"]
[Date "2024.06.18"]
[Round "7"]
[White "kleinebeer98"]
[Black "FabianoCaruana"]
[Result "0-1"]
[WhiteElo "2970"]
[BlackElo "3142"]
[TimeControl "180+1"]
[EndTime "9:19:55 PDT"]
[Termination "FabianoCaruana won by resignation"]

1. e4 c5 2. Nf3 Nc6 3. d4 cxd4 4. Nxd4 Nf6 5. Nc3 e5 6. Ndb5 d6 7. Bg5 a6 8. Na3 b5 9. Bxf6 gxf6 10. Nd5 Bg7 11. c3 f5 12. Bd3 fxe4 13. Bxe4 Be6 14. Nf6+ Bxf6 15. Bxc6+ Ke7 16. Bxa8 Qxa8 17. O-O Rg8 18.
f3 h5 19. Nc2 h4 20. a4 Bh3 21.
Rf2 Qa7 22. Kf1 Bd7 23. Qd3 bxa4 24. Rd1 Qc5 25. Ne3 Bg5 26. Nd5+ Kf8 27. c4 Be6 28.
Ra1 Bf4 29. Rxa4 Bxh2 30. Rxa6 Kg7 31. b4 Qc8 32. Rxd6 Qa8 33. Rb2 h3 34. Nc7 Qa1+ 35. Qb1 Bxc4+ 36. Kf2 Qa7+ 37. Ke1 Bg3+ 38. Kd2 Qxc7 0-1

[Event "Early-Titled-Tuesday-Blitz-June-18-2024"]
[Site "Chess.com"]
[Date "2024.06.18"]
[Round "7"]
[White "rasmussvane"]
[Black "luckyswitchback"]
[Result "0-1"]
[WhiteElo "2964"]
[BlackElo "2854"]
[TimeControl "180+1"]
[EndTime "9:19:58 PDT"]
[Termination "luckyswitchback won by checkmate"]

1. Nf3 d5 2. g3 Nf6 3. Bg2 e6 4. O-O Bd6 5. d4 O-O 6. c4 h6 7.
b3 b6 8. Bb2 Bb7 9. cxd5 exd5 10.
Nc3 a5 11. Rc1 Re8 12. Re1 Nbd7 13. Nb5 Ba6 14. Nxd6 cxd6 15. Nd2 b5 16. e4 dxe4 17. Nxe4 Nxe4 18. Bxe4 Rc8 19. Rxc8 Qxc8 20. d5 b4 21. Bf5 Qd8 22. Rxe8+ Qxe8 23. Kg2 Ne5 24. Qd4 Qb5 25. Qd1 Bb7 26. Be4 f5 27. Bxf5 Bxd5+ 28. Kh3 g6 29. Bxe5 dxe5 30. Bxg6 Qd7+ 31. Qg4 Bg2+ 32.
Kh4 Qe7+ 33. Kh5 Bf3 34. Bf7+ Kh8 35. Qxf3 Qg5# 0-1

[Event "Early-Titled-Tuesday-Blitz-June-18-2024"]
[Site "Chess.com"]
[Date "2024.06.18"]
[Round "7"]
[White "amylazy"]
[Black "AndrewMaco"]
[Result "0-1"]
[WhiteElo "2485"]
[BlackElo "2702"]
[TimeControl "180+1"]
[EndTime "9:19:58 PDT"]
[Termination "AndrewMaco won by resignation"]

1. d4 Nf6 2. Nf3 g6 3. g3 b5 4.
Bg2 Bb7 5. O-O Bg7 6. Re1 O-O 7. Nbd2 d6 8. e4 Nfd7 9. c3 e5 10. Nb3 c5 11. dxc5 dxc5 12. Bg5 Qb6 13. Bh3 c4 14. Nbd2 Nc5 15. Be3 Qc7 16. Bxc5 Qxc5 17. a4 a6 18.
axb5 axb5 19. Rxa8 Bxa8 20. Nf1 Bf6 21. Qe2 Rd8 22. Ne3 h5 23. Qc2 Rd3 24. Bf1 Rd8 25. Rd1 Rxd1 26. Nxd1 Nd7 27. Ne3 Kg7 28. h4 Nb6 29.
Bg2 Qd6 30. Nd2 Nd7 31. Ndf1 Nc5 32. Qb1 Qd3 33. Nd5 Qxb1 0-1

[Event "Early-Titled-Tuesday-Blitz-June-18-2024"]
[Site "Chess.com"]
[Date "2024.06.18"]
[Round "7"]
[White "bascheyaro"]
[Black "Zohid6"]
[Result "1-0"]
[WhiteElo "2822"]
[BlackElo "2968"]
[TimeControl "180+1"]
[EndTime "9:19:59 PDT"]
[Termination "bascheyaro won on time"]

1. d4 e6 2. c4 d5 3. Nc3 c6 4. Bf4 Nf6 5. e3 Nbd7 6. a3 Be7 7. h3 O-O 8. Nf3 a6 9. Rc1 h6 10. Qc2 Qe8 11. b4 dxc4 12. Bxc4 a5 13. Rb1 axb4 14. axb4 Nb6 15. Ne5 Nfd5 16. Bxd5 Nxd5 17. Nxd5 exd5 18. O-O Be6 19. b5 cxb5 20. Rb3 b4 21. Nd3 Bf5 22. Qb2 Bxd3 23. Rxd3 Qb5 24. Rb3 Rfc8 25.
Rb1 Qc4 26. Qd2 b5 27. Qd1 Ra2 28. Qg4 Rc6 29. Qd7 Bf8 30. Bg3 Rg6 31. Kh2 Rc2 32. Qd8 Qc6 33. Rxb4 Re6 34. Rxb5 Re8 35. Qxd5 Qg6 36.
Rb8 Rcc8 37. Rxc8 Rxc8 38. Rb7 Re8 39. Qb5 Re6 40. Rb8 f6 41. Qc5 Re8 42. Qd5+ Kh8 43. Qa8 Rxb8 44. Qxb8 1-0

[Event "Early-Titled-Tuesday-Blitz-June-18-2024"]
[Site "Chess.com"]
[Date "2024.06.18"]
[Round "7"]
[White "Hamisandwich"]
[Black "DominguezOnYoutube"]
[Result "0-1"]
[WhiteElo "2755"]
[BlackElo "2914"]
[TimeControl "180+1"]
[EndTime "9:19:59 PDT"]
[Termination "DominguezOnYoutube won on time"]

1. d4 Nf6 2. c4 e6 3. g3 d5 4. Nf3 Be7 5. Bg2 O-O 6. O-O c6 7. Qc2 b6 8. Rd1 Nbd7 9. Bf4 a5 10. Ne5 Nxe5 11. dxe5 Nd7 12. cxd5 cxd5 13. e4 d4 14. Rxd4 g5 15. Be3 Bc5 16. Nc3 Qe7 17.
Qd2 h6 18. f4 Bxd4 19. Bxd4 Nc5 20. Nb5 gxf4 21. gxf4 Kh7 22. Nd6 Rg8 23. Qf2 Bb7 24. Bxc5 bxc5 25. Qxc5 Rg4 26. Rf1 Rag8 27. Rf2 Qh4 28. Qe3 Ba6 29. Nxf7 Rf8 30. Nd6 Rfxf4 31. Rxf4 Rxf4 32. h3 Kg6 33. Qb6 Bf1 34. Bxf1 Qe1 0-1

[Event "Early-Titled-Tuesday-Blitz-June-18-2024"]
[Site "Chess.com"]
[Date "2024.06.18"]
[Round "7"]
[White "Chernov_Alexander_A"]
[Black "JosefineHeinemann"]
[Result "1-0"]
[WhiteElo "2308"]
[BlackElo "2474"]
[TimeControl "180+1"]
[EndTime "9:20:00 PDT"]
[Termination "Chernov_Alexander_A won by checkmate"]

1. d4 Nf6 2. Nc3 d5 3. Bg5 Nbd7 4. Nf3 h6 5. Bh4 e6 6. e3 Be7 7.
Bd3 O-O 8. O-O c5 9. Re1 b6 10. Ne5 Bb7 11. f4 Nxe5 12. dxe5 Nd7 13. Bxe7 Qxe7 14. e4 d4 15. Nb1 Rfd8 16. a4 a6 17. Nd2 f6 18. exf6 Nxf6 19. Qf3 Rf8 20. Rf1 Kh8 21.
h3 Bc6 22. b3 b5 23. axb5 axb5 24. Rxa8 Rxa8 25. Qg3 c4 26. bxc4 bxc4 27. Nxc4 Bxe4 28. Ne5 Qb7 29. f5 exf5 30. Bc4 Rc8 31. Bf7 Rc7 32. Qg6 Bd5 33. Bxd5 Nxd5 34. Rxf5 Ne3 35. Rf8# 1-0

[Event "Early-Titled-Tuesday-Blitz-June-18-2024"]
[Site "Chess.com"]
[Date "2024.06.18"]
[Round "7"]
[White "pfalcon1949"]
[Black "SocoLoco"]
[Result "0-1"]
[WhiteElo "1789"]
[BlackElo "2182"]
[TimeControl "180+1"]
[EndTime "9:20:00 PDT"]
[Termination "SocoLoco won on time"]

1. e4 c5 2. Nf3 e6 3. d4 cxd4 4. Nxd4 Nf6 5. Nc3 Nc6 6. Ndb5 d6 7. Bf4 e5 8. Bg5 a6 9. Na3 b5 10.
Nd5 Be7 11. Bxf6 Bxf6 12. c4 O-O 13. g3 Nd4 14. cxb5 axb5 15. Nxb5 Bg4 16. Qd3 Nf3+ 17. Ke2 Nd4+ 18. Ke1 Bg5 19. Nxd4 exd4 20. Qxd4 Bf3 21. Rg1 Re8 22. Bd3 f5 23. Nc3 Qa5 24. Qd5+ Qxd5 25.
Nxd5 Bxe4 26. Bc4 Bd3+ 27. Ne3+ Bxc4 28. Kd2 d5 29. b3 Bb5 30. h4 Bh6 31. f4 d4 32. Nxf5 Re2+ 33. Kd1 Rc8 34. Rc1 Rxc1+ 35. Kxc1 Rxa2 36. Kb1 Rh2 37. Rc1 Bd3+ 38. Ka1 Bxf5 0-1

[Event "Early-Titled-Tuesday-Blitz-June-18-2024"]
[Site "Chess.com"]
[Date "2024.06.18"]
[Round "7"]
[White "MatthewG-p4p"]
[Black "manitodeplomo"]
[Result "0-1"]
[WhiteElo "2839"]
[BlackElo "2664"]
[TimeControl "180+1"]
[EndTime "9:20:01 PDT"]
[Termination "manitodeplomo won by resignation"]

1. e4 e6 2. d4 d5 3. e5 c5 4. c3 Nc6 5. Nf3 Bd7 6. Be2 Nge7 7.
Na3 a6 8. O-O c4 9. Nc2 b5 10.
Nfe1 a5 11. f4 b4 12. Ne3 g6 13. g4 a4 14. f5 a3 15. fxe6 Bxe6 16. N1g2 Nc8 17. Nf4 Nb6 18. cxb4 axb2 19. Bxb2 Na4 20.
Rb1 Bxb4 21. Ba1 Bc3 22. Bxc3 Nxc3 23. Qd2 Nxb1 24. Rxb1 Qa5 25. Qc2 O-O 26. Qd1 Rfb8 27. Rc1 Qxa2 28. Nexd5 Bxd5 29. Nxd5 Qb2 30. Nf6+ Kg7 31.
Bf3 Nxd4 32. Bxa8 Qxc1 33. Qxc1 Ne2+ 34. Kf2 Nxc1 35. Bd5 c3 36. Be4 Na2 37. Ke3 Rd8 38. g5 Nb4 39. Ng4 c2 40. Bxc2 Nxc2+ 41. Ke4 Rd4+ 42. Kf3 Rxg4 43. Kxg4 Nd4 44. Kf4 Ne6+ 45. Kg4 h6 46. h4 hxg5 0-1

[Event "Early-Titled-Tuesday-Blitz-June-18-2024"]
[Site "Chess.com"]
[Date "2024.06.18"]
[Round "7"]
[White "HATilay"]
[Black "RandomNoob04"]
[Result "1-0"]
[WhiteElo "2649"]
[BlackElo "2806"]
[TimeControl "180+1"]
[EndTime "9:20:01 PDT"]
[Termination "HATilay won by resignation"]

1. e4 d5 2. exd5 Qxd5 3. Nc3 Qa5 4. d4 Nf6 5. Nf3 Bf5 6. Bc4 e6 7. O-O Bb4 8. Bd2 Nc6 9. a3 Bxc3 10. Bxc3 Qb6 11.
a4 a5 12. Bb5 O-O 13. Qe2 Rfd8 14. Rad1 Nd5 15. Bd2 Bxc2 16. Rc1 Bg6 17. Bxc6 bxc6 18. Bg5 Rd6 19. Rc5 Nb4 20. Ne5 Rxd4 21. Rfc1 Rd5 22. Be3 Qb7 23. h4 Rxe5 24. Rxe5 Nd3 25. Rg5 Nxc1 26.
Bxc1 h6 27. Rg3 Kh7 28. Qe5 f6 29. Qxe6 Re8 30. Qg4 Re7 31. Qxg6+ Kh8 32. Bxh6 1-0

[Event "Early-Titled-Tuesday-Blitz-June-18-2024"]
[Site "Chess.com"]
[Date "2024.06.18"]
[Round "7"]
[White "falzehope0"]
[Black "N_Mullodzhanov"]
[Result "1-0"]
[WhiteElo "2448"]
[BlackElo "2547"]
[TimeControl "180+1"]
[EndTime "9:20:01 PDT"]
[Termination "falzehope0 won by checkmate"]

1. d4 Nf6 2. e3 g6 3. Bd3 Bg7 4. f4 d6 5. Nf3 O-O 6. O-O c5 7. c3 Nc6 8. dxc5 dxc5 9. Qc2 Bg4 10. Nbd2 Nd5 11. Ne4 Rc8 12. Qb1 Qb6 13. Nf2 Bxf3 14. gxf3 e5 15. f5 c4 16. Bxc4 Nxe3 17. Bxe3 Qxe3 18.
fxg6 Qg5+ 19. Kh1 hxg6 20. Rg1 Qh5 21. Qxg6 Qxg6 22. Rxg6 Nd4 23. Rag1 Nf5 24. Bb3 Kh7 25. R6g5 Nh4 26. Rh5+ Bh6 27. Rxh4 f5 28. Nh3 Rc6 29.
Ng5+ Kg6 30. Ne6+ Kf6 31. Rxh6+ Ke7 32. Rg7+ Ke8 33. Rhh7 Rxe6 34. Bxe6 Rf6 35. Re7+ Kf8 36. Rxb7 Rxe6 37. Rh8# 1-0

[Event "Early-Titled-Tuesday-Blitz-June-18-2024"]
[Site "Chess.com"]
[Date "2024.06.18"]
[Round "7"]
[White "FishThatRoared"]
[Black "UnTucopalaTimba"]
[Result "1-0"]
[WhiteElo "2270"]
[BlackElo "2091"]
[TimeControl "180+1"]
[EndTime "9:20:01 PDT"]
[Termination "FishThatRoared won by resignation"]

1. e4 c6 2. d3 d5 3. Nf3 Bg4 4. h3 Bxf3 5. Qxf3 e6 6. g3 Qf6 7.
Qe2 Nd7 8. Bg2 Bc5 9. O-O Ne7 10. c3 d4 11. c4 Qg6 12. Nd2 a5 13. Nf3 e5 14.
Nh4 Qe6 15. f4 f6 16. Bd2 Kd8 17. Kh2 g6 18. f5 Qg8 19. g4 h5 20. fxg6 Nxg6 21.
Nf5 hxg4 22. Qxg4 Ngf8 23. Qxg8 Rxg8 24. Bf3 Kc7 25. Rg1 Ne6 26. Rxg8 Rxg8 27. Bxa5+ b6 28.
Bd2 Ndf8 29. b4 Bd6 30. Rg1 Rxg1 31. Kxg1 Ng6 32. h4 Nef4 33. h5 Nf8 34. Bxf4 exf4 35. Nxd6 Kxd6 36. Kg2 Ke6 37. Kh3 f5 38. exf5+ Kxf5 39. Bxc6 Kg5 40. a4 Ne6 41. a5 bxa5 42. bxa5 Nc7 43.
Bb7 Kxh5 44. a6 1-0

[Event "Early-Titled-Tuesday-Blitz-June-18-2024"]
[Site "Chess.com"]
[Date "2024.06.18"]
[Round "7"]
[White "Mops_2004"]
[Black "ozates"]
[Result "1-0"]
[WhiteElo "2808"]
[BlackElo "2628"]
[TimeControl "180+1"]
[EndTime "9:20:02 PDT"]
[Termination "Mops_2004 won by resignation"]

1. g3 c5 2. Bg2 Nc6 3. c4 g6 4.
Nc3 Bg7 5. d3 d6 6. Qd2 e5 7. b3 Nge7 8. Bb2 O-O 9. e3 Be6 10.
h4 h6 11. Nd5 Rb8 12. Ne2 b5 13. h5 Bxd5 14. cxd5 Nb4 15. hxg6 fxg6 16. Nc3 Qd7 17.
Bh3 Nf5 18. a3 Na6 19. e4 b4 20. axb4 cxb4 21. Na4 Qb5 22. exf5 Qxd5 23. O-O gxf5 24. Qd1 f4 25. Bg2 f3 26. Bh3 Nc7 27. Re1 Ne6 28.
Bg4 h5 29. Bxh5 e4 30. Bg4 Bxb2 31. Nxb2 Nd4 32. dxe4 Qg5 33. Qxd4 Qxg4 34. Rxa7 Rb5 35. Qc4+ Kh8 36. Qxb5 Qh3 37. Qf1 Qh5 38. Nd3 Rf6 39. Rc1 1-0

[Event "Early-Titled-Tuesday-Blitz-June-18-2024"]
[Site "Chess.com"]
[Date "2024.06.18"]
[Round "7"]
[White "pospisku"]
[Black "MarlonJodar"]
[Result "1-0"]
[WhiteElo "2529"]
[BlackElo "2357"]
[TimeControl "180+1"]
[EndTime "9:20:03 PDT"]
[Termination "pospisku won on time"]

1. d4 Nf6 2. c4 g6 3. Nc3 d5 4. cxd5 Nxd5 5. e4 Nxc3 6. bxc3 Bg7 7. Nf3 c5 8. Bb5+ Nd7 9. O-O O-O 10. e5 e6 11. h4 Qa5 12. a4 a6 13. Be2 b5 14.
h5 Bb7 15. h6 Bh8 16. Bg5 cxd4 17. axb5 Qxc3 18. bxa6 Bd5 19. Be7 Rfe8 20. Bd6 f6 21.
Ra3 Qb2 22. Qa4 Nxe5 23. Bxe5 fxe5 24. Ng5 Qd2 25. Rg3 Bf6 26. Bh5 Bxg5 27. Bxg6 hxg6 28. Qd7 Re7 29. Qb5 1-0

[Event "Early-Titled-Tuesday-Blitz-June-18-2024"]
[Site "Chess.com"]
[Date "2024.06.18"]
[Round "7"]
[White "evgchess5"]
[Black "Individoom"]
[Result "1-0"]
[WhiteElo "2931"]
[BlackElo "2789"]
[TimeControl "180+1"]
[EndTime "9:20:05 PDT"]
[Termination "evgchess5 won by resignation"]

1. e4 c5 2. Nf3 g6 3. c3 Bg7 4. d4 cxd4 5. cxd4 d5 6. e5 Nc6 7.
Bb5 Nh6 8. h3 O-O 9. O-O f6 10.
Nc3 fxe5 11. Bxc6 bxc6 12. Nxe5 Qd6 13. Re1 Rb8 14. b3 Nf7 15. Bf4 Nxe5 16. Bxe5 Bxe5 17.
Rxe5 Rf5 18. Rxf5 Bxf5 19. Qe2 Qb4 20. Qe3 Rf8 21. Na4 Qd6 22. Re1 Rf7 23. Nc5 Kg7 24.
Qd2 Bc8 25. Re5 Rf5 26. Qe3 Rxe5 27. dxe5 Qc7 28. Qd4 Qa5 29. a4 Qe1+ 30. Kh2 Kf7 31. b4 h5 32. h4 Bf5 33. b5 cxb5 34. axb5 e6 35. Nb7 Qb1 36. Nd6+ Kg7 37. Qxa7+ Kh6 38. Nf7+ Kg7 39. Ng5+ 1-0

[Event "Early-Titled-Tuesday-Blitz-June-18-2024"]
[Site "Chess.com"]
[Date "2024.06.18"]
[Round "7"]
[White "KoshkaMatrioshka"]
[Black "Giantgoogachess"]
[Result "0-1"]
[WhiteElo "2582"]
[BlackElo "2458"]
[TimeControl "180+1"]
[EndTime "9:20:06 PDT"]
[Termination "Giantgoogachess won by resignation"]

1. c4 Nf6 2. Nf3 g6 3. b3 Bg7 4. Bb2 O-O 5. g3 b6 6. Bg2 Bb7 7. O-O e6 8. e3 c5 9. Qe2 Nc6 10.
d4 cxd4 11. Nxd4 a6 12. Rd1 Qc7 13. Nd2 d5 14. cxd5 Nxd4 15. Bxd4 Nxd5 16. Bxg7 Kxg7 17.
Rac1 Qe7 18. e4 Nf6 19. e5 Nd5 20. Ne4 Rfc8 21. Nd6 Rxc1 22. Rxc1 Rd8 23. Rc4 b5 24. Rd4 Ba8 25. Qd2 Rd7 26. Qb2 Rc7 27. h4 h5 28. Kh2 Nb6 29. Bxa8 Nxa8 30. Ne4 Nb6 31. Nf6 Nd7 32. Rf4 Rc5 33. b4 Rc4 34. Rxc4 bxc4 35. Ne4 Nb6 36. Ng5 Nd5 37. a3 c3 38. Qc2 Qc7 39.
Ne4 Qxe5 40. Kg2 Qd4 41. Kf3 Qc4 42. Kg2 e5 43. Kf3 f5 44. Ng5 e4+ 45. Kg2 e3 46.
fxe3 Nxe3+ 0-1